 Dungeon Crawl Stone Soup version 0.25-a0-108-gda8bd6cf83 (console) character file.

Game seed: 18329154900183782322, levelgen mode: deterministic

2020 Kagalorn the Caller (level 9, -3/65 HPs)
             Began as a Gnoll Summoner on Nov 18, 2019.
             Was an Initiate of Ashenzari.
             Slain by an orc warrior
             ... wielding a +0 glaive
              (21 damage)
             ... on level 7 of the Dungeon.
             The game lasted 00:27:02 (7309 turns).

Kagalorn the Caller (Gnoll Summoner)                Turns: 7309, Time: 00:27:03

Health: -3/65      AC: 12    Str: 11    XL:     9   Next: 23%
Magic:  14/18      EV: 14    Int: 20    God:    Ashenzari [......]
Gold:   310        SH:  3    Dex: 16    Spells: 12/20 levels left

rFire    . . .     SeeInvis .   a - +0 trident
rCold    . . .     Gourm    .   (no shield)
rNeg     . . .     Faith    .   l - +0 ring mail (curse)
rPois    +         Spirit   .   v - +1 helmet
rElec    .         Reflect  +   F - +1 cloak {rPois}
rCorr    .         Harm     .   J - +0 pair of gloves
MR       .....                  L - +0 pair of boots
Stlth    +++.......             H - +3 amulet of reflection
HPRegen  0.20/turn              (no ring)
MPRegen  0.16/turn              (no ring)

@: no status effects
A: distributed training, fangs 1, strong nose
a: Curse Item, Renounce Religion


You were on level 7 of the Dungeon.
You worshipped Ashenzari.
Ashenzari was noncommittal.
You were near starving.

You visited 2 branches of the dungeon, and saw 8 of its levels.

You collected 310 gold pieces.

Inventory:

Hand Weapons
 a - a +0 trident (weapon)
 g - a +0 short sword
 h - a +0 spear
 j - a +1 dagger of speed
 u - a +0 spear
 E - a +4 quarterstaff of chaos
 M - a cursed +0 spear
Missiles
 k - 228 stones (quivered)
 n - 52 sling bullets
 w - 14 poisoned darts
 C - 111 arrows
 K - 2 throwing nets
Armour
 l - a cursed +0 ring mail (worn)
 v - a +1 helmet (worn)
 F - a +1 cloak of poison resistance (worn)
 J - a +0 pair of gloves (worn)
 L - a +0 pair of boots (worn)
Jewellery
 H - a +3 amulet of reflection (around neck)
Wands
 o - a wand of flame (17)
Scrolls
 d - a scroll of blinking {unknown}
 m - a scroll of enchant armour
 r - a scroll of teleportation {unknown}
 t - 4 scrolls of identify
 y - 2 scrolls of enchant weapon
 B - a scroll of noise {unknown}
Potions
 b - 4 potions of curing
 e - a potion of invisibility
 f - 3 potions of might
 i - 3 potions of heal wounds {unknown}
 p - a potion of brilliance {unknown}
 q - 3 potions of lignification {unknown}
 x - 2 potions of flight
 z - 2 potions of haste
 A - 2 potions of mutation
 D - 2 potions of degeneration {unknown}
 G - 2 potions of berserk rage {unknown}
 I - 2 potions of agility {unknown}
Comestibles
 c - 14 rations


   Skills:
 + Level 4.0 Fighting
 + Level 4.0 Short Blades
 + Level 4.0 Long Blades
 + Level 4.0 Axes
 + Level 4.0 Maces & Flails
 + Level 4.0 Polearms
 + Level 4.0 Staves
 + Level 4.0 Slings
 + Level 4.0 Bows
 + Level 4.0 Crossbows
 + Level 4.0 Throwing
 + Level 4.0 Armour
 + Level 6.1 Dodging
 + Level 5.8 Stealth
 + Level 4.0 Shields
 + Level 4.0 Unarmed Combat
 + Level 6.4 Spellcasting
 + Level 3.2 Conjurations
 + Level 3.2 Hexes
 + Level 3.2 Charms
 + Level 7.9 Summonings
 + Level 3.2 Necromancy
 + Level 3.2 Translocations
 + Level 3.2 Transmutations
 + Level 3.2 Fire Magic
 + Level 3.2 Ice Magic
 + Level 3.2 Air Magic
 + Level 3.2 Earth Magic
 + Level 3.2 Poison Magic
 + Level 4.3 Invocations
 + Level 4.0 Evocations


You had 12 spell levels left.
You knew the following spells:

 Your Spells              Type           Power        Failure   Level  Hunger
a - Call Canine Familiar  Summ           #####...     2%          3    ##.....
b - Summon Lightning Spi  Summ/Air       ####....     22%         4    ####...
c - Summon Small Mammal   Summ           ####         1%          1    None

Your spell library contained the following spells:

 Spells                   Type           Power        Failure   Level  Hunger
 Call Imp                 Summ           #####...     1%          2    None
 Beastly Appendage        Tmut           ###...       6%          1    None
 Summon Guardian Golem    Hex/Summ       ####....     7%          3    ##.....
 Sticks to Snakes         Tmut           ###.....     9%          2    None
 Spider Form              Tmut/Pois      ###.......   19%         3    ##.....
 Summon Ice Beast         Ice/Summ       ####....     22%         4    ####...
 Ice Form                 Ice/Tmut       ###.....     52%         4    ####...
 Blade Hands              Tmut           ###.......   86%         5    #####..


Dungeon Overview and Level Annotations

Branches:
Dungeon (7/15)             Temple (1/1) D:4

Altars:
Ashenzari
Cheibriados
Dithmenos
Elyvilon
Gozag
Hepliaklqana
Kikubaaqudgha
Makhleb
Nemelex Xobeh
Qazlal
Ru
Sif Muna
Trog
Uskayaw
Vehumet
Wu Jian
Xom
Yredelemnul
Zin
The Shining One


Innate Abilities, Weirdness & Mutations

Your experience applies equally to all skills.
You have very sharp teeth.
Your uncanny sense of smell can sniff out nearby items.


Message History

Casting: Call Canine Familiar (safe; 2% risk of failure)
Confirm with . or Enter, or press ? or * to list all spells.
You swap places.
The orc warrior barely misses your wolf.
Your wolf bites the orc warrior.
Your wolf bites the orc warrior but does no damage.
The orc warrior hits your wolf with a +0 glaive.
Your wolf barely misses the orc warrior.
The orc warrior misses your wolf.
Your wolf closely misses the orc warrior.
Your wolf bites the orc warrior but does no damage.
The orc warrior hits your wolf with a +0 glaive!!
Your wolf dies!
Your wolf's corpse disappears in a puff of smoke!
Casting: Call Canine Familiar (safe; 2% risk of failure)
Confirm with . or Enter, or press ? or * to list all spells.
The orc warrior hits your wolf with a +0 glaive!
Your wolf closely misses the orc warrior.
The orc warrior hits you from afar with a +0 glaive!!
You die...

##.#o###########
...oh.).oo§....##
##.###########o.#
##.# #.# #o##
#.h#
#######@#######
#.............#
#.............#
#......♣......#
#......♣......#
#...♣..♣..♣...#
#...♣..♣..♣...#
#...♣♣♣.♣♣♣...#
#...♣..♣).♣...#


You could see an orc warrior, an orc wizard and a friendly wolf.

Vanquished Creatures
  An ice beast (D:6)
  An orc warrior (D:6)
  2 ogres
  A centaur (D:7)
  A howler monkey (D:5)
  A crimson imp (D:6)
  A hound (D:5)
  A jelly (D:5)
  2 orc priests (D:6)
  An orc wizard (D:6)
  4 iguanas
  Natasha (D:4)
  A hound zombie (D:5)
  A worker ant zombie (D:5)
  Robin (D:2)
  3 gnolls
  5 adders
  A shadow imp (D:5)
  An adder skeleton (D:6)
  A worm (D:5)
  A dart slug (D:2)
  7 orcs
  3 bats
  7 giant cockroaches
  7 goblins
  6 hobgoblins
  2 jackals
  A quokka (D:6)
  3 frilled lizards
  2 kobolds (D:2)
  A leopard gecko zombie (D:6)
  A quokka zombie (D:5)
  6 rats
78 creatures vanquished.

Vanquished Creatures (collateral kills)
  The ghost of astraldaughter the Blocker, a novice HuFi of Zin (D:7)
  An ice beast (D:4)
  A sky beast (D:5)
  An ogre (D:4)
  2 centaurs (D:5)
  3 bullfrogs (D:6)
  2 scorpions
  A howler monkey (D:4)
  A quasit (D:6)
  A centaur zombie (D:5)
  3 orc priests
  A hound (D:6)
  Crazy Yiuf (D:4)
  3 bullfrog skeletons
  An orc wizard (D:6)
  An iguana (D:4)
  4 worker ants
  Natasha (twice) (D:4)
  5 gnolls
  3 adders
  A shadow imp (D:5)
  An adder zombie (D:5)
  An adder skeleton (D:4)
  2 worms
  2 dart slugs
  11 orcs
  4 bats
  A giant cockroach (D:3)
  7 goblins
  3 hobgoblins (D:2)
  11 jackals
  2 kobolds (D:2)
  A quokka (D:4)
  A quokka skeleton (D:4)
86 creatures vanquished.

Grand Total: 164 creatures vanquished

Notes
Turn   | Place    | Note
-------+----------+-------------------------------------------
     0 | D:1      | Kagalorn the Gnoll Summoner began the quest for the Orb.
     0 | D:1      | Reached XP level 1. HP: 13/13 MP: 6/6
   475 | D:1      | Reached XP level 2. HP: 19/19 MP: 7/7
   799 | D:1      | Found a glowing golden altar of the Shining One.
  1111 | D:2      | Noticed a scorpion
  1198 | D:2      | Reached skill level 5 in Spellcasting
  1198 | D:2      | Reached XP level 3. HP: 12/25 MP: 5/9
  1248 | D:2      | Learned a level 3 spell: Call Canine Familiar
  1492 | D:2      | Reached skill level 1 in Invocations
  1698 | D:2      | Found a hazy altar of Hepliaklqana.
  1704 | D:2      | Noticed Robin
  1717 | D:2      | Reached skill level 1 in Fighting
  1717 | D:2      | Reached skill level 1 in Short Blades
  1717 | D:2      | Reached skill level 1 in Long Blades
  1717 | D:2      | Reached skill level 1 in Axes
  1717 | D:2      | Reached skill level 1 in Maces & Flails
  1717 | D:2      | Reached skill level 1 in Polearms
  1717 | D:2      | Reached skill level 1 in Staves
  1717 | D:2      | Reached skill level 1 in Slings
  1717 | D:2      | Reached skill level 1 in Bows
  1717 | D:2      | Reached skill level 1 in Crossbows
  1717 | D:2      | Reached skill level 1 in Throwing
  1717 | D:2      | Reached skill level 1 in Armour
  1717 | D:2      | Reached skill level 1 in Shields
  1717 | D:2      | Reached skill level 1 in Unarmed Combat
  1717 | D:2      | Reached skill level 1 in Evocations
  2003 | D:2      | Reached XP level 4. HP: 32/32 MP: 7/11
  2015 | D:2      | Killed Robin
  2358 | D:2      | You fall into a shaft and drop 1 floor!
  2452 | D:2      | Reached skill level 1 in Conjurations
  2452 | D:2      | Reached skill level 1 in Hexes
  2452 | D:2      | Reached skill level 1 in Charms
  2452 | D:2      | Reached skill level 1 in Necromancy
  2452 | D:2      | Reached skill level 1 in Translocations
  2452 | D:2      | Reached skill level 1 in Transmutations
  2452 | D:2      | Reached skill level 1 in Fire Magic
  2452 | D:2      | Reached skill level 1 in Ice Magic
  2452 | D:2      | Reached skill level 1 in Air Magic
  2452 | D:2      | Reached skill level 1 in Earth Magic
  2452 | D:2      | Reached skill level 1 in Poison Magic
  2798 | D:3      | Reached XP level 5. HP: 37/37 MP: 8/12
  2916 | D:3      | Found an opulent altar of Gozag.
  3201 | D:4      | Noticed Natasha
  3488 | D:4      | Found a runed translucent door.
  3489 | D:4      | Noticed Crazy Yiuf
  3507 | D:4      | Killed Crazy Yiuf
  3606 | D:4      | Killed Natasha
  3703 | D:4      | Noticed Natasha
  3712 | D:4      | Killed Natasha
  3712 | D:4      | Reached XP level 6. HP: 23/44 MP: 13/13
  3730 | D:4      | Noticed Natasha
  3739 | D:4      | Killed Natasha
  3860 | D:3      | Reached skill level 5 in Dodging
  4154 | D:4      | Learned a level 4 spell: Summon Lightning Spire
  4322 | D:4      | Found a staircase to the Ecumenical Temple.
  4334 | Temple   | Entered the Ecumenical Temple
  4532 | Temple   | Became a worshipper of Ashenzari the Shackled
  4584 | D:4      | Noticed an ice beast
  4604 | D:4      | Killed an ice beast
  4630 | D:4      | Reached XP level 7. HP: 50/50 MP: 15/15
  4696 | D:4      | Found a basalt altar of Yredelemnul.
  4847 | D:5      | Entered Level 5 of the Dungeon
  5022 | D:5      | Found a sparkling altar of Nemelex Xobeh.
  5073 | D:5      | Found a white marble altar of Elyvilon.
  5186 | D:5      | Reached skill level 5 in Stealth
  5599 | D:5      | Reached XP level 8. HP: 55/57 MP: 12/16
  6067 | D:6      | Reached * piety under Ashenzari
  6545 | D:6      | Found an ornate altar of the Wu Jian Council.
  6562 | D:6      | Found a bloodstained altar of Trog.
  6566 | D:6      | Found a stormy altar of Qazlal.
  6876 | D:7      | Found a runed translucent door.
  6876 | D:7      | Noticed astraldaughter's ghost (novice HuFi)
  6934 | D:7      | Killed astraldaughter's ghost
  6934 | D:7      | Reached XP level 9. HP: 10/65 MP: 7/18
  7309 | D:7      | Slain by an orc warrior

Levels and vault maps discovered:
D:1:      evilmike_arrival_plus, layout_loops_ring, tso_altar
D:2:      minmay_skewed_foursquare, layout_basic, lemuel_doored_altar,
          mrwooster_statue_mirror, uniq_robin
D:3:      layout_basic, nicolae_gozag_seed_capital, first_ration
D:4:      layout_cave_pools, old_standard_altar,
          minmay_temple_entry_glassed_door, uniq_crazy_yiuf_cottage,
          uniq_natasha
D:5:      layout_loops_ring, overflow_temple_1_default, basic_altar
D:6:      layout_rooms, kennysheep_mini_moat, gammafunk_temple_overflow_statue
D:7:      layout_basic, hellmonk_ghost_happy_afterlife, serial_shops,
          nicolae_shop_trees, kennysheep_generic_room_16
Temple:   oiseaux_autumnal_temple

Skill      XL: |  1  2  3  4  5  6  7  8  9 |
---------------+----------------------------+-----
Spellcasting   | 5 6 |  6.4
Invocations    | 1 2 3 4 |  4.3
Fighting       | 1 2 3 4 |  4.0
Short Blades   | 1 2 3 4 |  4.0
Long Blades    | 1 2 3 4 |  4.0
Axes           | 1 2 3 4 |  4.0
Maces & Flails | 1 2 3 4 |  4.0
Polearms       | 1 2 3 4 |  4.0
Staves         | 1 2 3 4 |  4.0
Slings         | 1 2 3 4 |  4.0
Bows           | 1 2 3 4 |  4.0
Crossbows      | 1 2 3 4 |  4.0
Throwing       | 1 2 3 4 |  4.0
Armour         | 1 2 3 4 |  4.0
Shields        | 1 2 3 4 |  4.0
Unarmed Combat | 1 2 3 4 |  4.0
Evocations     | 1 2 3 4 |  4.0
Conjurations   | 1 2 3 |  3.2
Hexes          | 1 2 3 |  3.2
Charms         | 1 2 3 |  3.2
Necromancy     | 1 2 3 |  3.2
Translocations | 1 2 3 |  3.2
Transmutations | 1 2 3 |  3.2
Fire Magic     | 1 2 3 |  3.2
Ice Magic      | 1 2 3 |  3.2
Air Magic      | 1 2 3 |  3.2
Earth Magic    | 1 2 3 |  3.2
Poison Magic   | 1 2 3 |  3.2
Dodging        | 5 6 |  6.1
Stealth        | 5 |  5.8
Summonings     | |  7.9

Action                   |  1- 3 |  4- 6 |  7- 9 || total
-------------------------+-------+-------+-------++-------
Melee: Short sword       |    78 |       |       ||    78
       Unarmed           |    13 |       |       ||    13
       Bite              |     9 |    14 |    40 ||    63
       Spear             |    17 |   132 |    18 ||   167
       Punch             |       |     2 |     4 ||     6
       Dagger            |       |    20 |   311 ||   331
       Trident           |       |       |    64 ||    64
 Cast: Summon Small Mamm |    10 |       |       ||    10
       Call Canine Famil |     6 |    17 |    34 ||    57
  Use: Scroll            |       |       |     7 ||     7
 Stab: Sleeping          |     5 |     2 |     3 ||    10
       Distracted        |       |     2 |     6 ||     8
  Eat: Chunk             |     3 |     8 |     7 ||    18
       Ration            |       |       |     1 ||     1
Armor: Robe              |    21 |    20 |       ||    41
       Ring mail         |       |     5 |    85 ||    90
Dodge: Dodged            |    87 |    89 |   161 ||   337
Block: Other             |       |     1 |    39 ||    40
       Reflection        |       |       |     3 ||     3

Table legend:
 A = Non-vault XP
 B = Vault XP
 C = Vault XP percentage of total XP
 D = Non-vault monster count
 E = Vault monster count
 F = Vault count percentage of total count
                 A         B        C        D         E       F
            +---------+---------+-------+---------+---------+-------
      Total |    2202 |     685 |  23.7 |     145 |      19 |  11.6
            +---------+---------+-------+---------+---------+-------
        D:1 |      22 |       1 |   4.3 |      13 |       1 |   7.1
        D:2 |     104 |      32 |  23.5 |      26 |      14 |  35.0
        D:3 |      32 |       0 |   0.0 |       9 |       0 |   0.0
        D:4 |     537 |      50 |   8.5 |      21 |       2 |   8.7
        D:5 |     509 |       0 |   0.0 |      33 |       0 |   0.0
        D:6 |     886 |       0 |   0.0 |      40 |       0 |   0.0
        D:7 |     112 |     602 |  84.3 |       3 |       2 |  40.0
            +---------+---------+-------+---------+---------+-------
